 Dungeon Crawl Stone Soup version 0.27-a0-334-g52645efa06 (webtiles) character file.

Game seed: 14470061611979211398

66 inc the Vexing (level 3, 0/14 HPs)
             Began as a Felid Enchanter on Feb 13, 2021.
             Slain by an orc wizard
             ... wielding a +1 dagger of speed
              (4 damage)
             ... on level 2 of the Dungeon.
             The game lasted 00:02:01 (1608 turns).

inc the Vexing (Felid Enchanter)                    Turns: 1608, Time: 00:02:02

Health: 0/14       AC:  1    Str:  4    XL:     3   Next: 96%
Magic:  0/7        EV: 18    Int: 16    God:
Gold:   67         SH:  0    Dex: 17    Spells: 3/6 levels left
                                        Lives:  0   Deaths: 0

rFire    . . .     SeeInvis +     - Unarmed
rCold    . . .     Faith    .   (shield unavailable)
rNeg     . . .     Spirit   .   (armour unavailable)
rPois    .         Reflect  .   (helmet unavailable)
rElec    .         Harm     .   (cloak unavailable)
rCorr    .         Rampage  .   (gloves unavailable)
Will     .....                  (boots unavailable)
Stlth    +++.......             (no amulet)
HPRegen  0.04/turn              (no ring)
MPRegen  0.10/turn              (no ring)

@: quick
A: very small, no armour, no weapons or thrown items, stealth, claws 1, fangs 3,
see invisible, speed 1, shaggy fur 1, sharp paws
a: no special abilities


You were on level 2 of the Dungeon.
You visited 1 branch of the dungeon, and saw 2 of its levels.

You collected 67 gold pieces.

Inventory:

Scrolls
 b - a scroll of magic mapping {unknown}
 c - a scroll of immolation {unknown}
 e - 2 scrolls of identify {unknown}
 g - a scroll of teleportation {unknown}
Potions
 a - a potion of attraction {unknown}
 d - a potion of brilliance {unknown}
 f - a potion of degeneration {unknown}


   Skills:
 - Level 2.6 Dodging
 - Level 4.0 Stealth
 - Level 2.0 Unarmed Combat
 - Level 2.0 Spellcasting
 + Level 5.6 Hexes
 + Level 1.7 Ice Magic


You had 3 spell levels left.
You knew the following spells:

 Your Spells              Type           Power        Failure   Level
a - Corona                Hex            21%          1%          1
b - Ensorcelled Hibernat  Hex/Ice        26%          7%          2

Your spell library contained the following spells:

 Spells                   Type           Power        Failure   Level
 Confusing Touch          Hex            19%          6%          3
 Tukima's Dance           Hex            19%          6%          3
 Dazzling Flash           Conj/Hex       20%          19%         3


Dungeon Overview and Level Annotations

Branches:
Dungeon (2/15)

Altars:
The Shining One


Innate Abilities, Weirdness & Mutations

You cannot wear armour.
You are incapable of wielding weapons or throwing items.
Your paws allow you to move quietly. (Stealth)
You have sharp claws.
You have razor-sharp teeth.
You have supernaturally acute eyesight. (SInv)
You cover ground quickly.
You are covered in fur. (AC +1)
Your sharp claws are effective at attacking unaware monsters.


Message History

You don't have enough magic to cast this spell.
An orc wizard is nearby!
You scratch the orc wizard. You bite the orc wizard.
The orc wizard is heavily wounded.
The orc wizard misses you.
Casting: Ensorcelled Hibernation (safe; 7% risk of failure)
Confirm with . or Enter, or press ? or * to list all spells.
Aiming: Ensorcelled Hibernation (safe; 7% risk of failure)
Press: ? - help, Shift-Dir - straight line, f/p - orc wizard
Aim: an orc wizard, wielding a +1 dagger of speed and wearing a +0 robe (heavily wounded, chance to affect: 44%)
The orc wizard resists with some effort.
The orc wizard hits you with a +1 dagger of speed.
* * * LOW HITPOINT WARNING * * *
You scratch the orc wizard.
The orc wizard is heavily wounded.
The orc wizard barely misses you.
You barely miss the orc wizard.
You bite the orc wizard, but do no damage.
The orc wizard is heavily wounded.
The orc wizard gestures at itself while chanting.
The orc wizard flickers and vanishes for a moment.
You scratch the orc wizard but do no damage.
The orc wizard is heavily wounded.
The orc wizard hits you with a +1 dagger of speed.
* * * LOW HITPOINT WARNING * * *
Unknown command.
You scratch the orc wizard but do no damage.
The orc wizard is heavily wounded.
The orc wizard gestures at you while chanting.
You resist with some effort.
Unknown command.
You scratch the orc wizard but do no damage.
The orc wizard is heavily wounded.
The orc wizard misses you.
Unknown command.
You scratch the orc wizard.
The orc wizard is severely wounded.
The orc wizard misses you.
The orc wizard hits you with a +1 dagger of speed.
You die...

### #.######
##....#.######
.............###
...............###
........###......##
#8...8###
###.....## ###.###
##.....## #...#
##.@o..# #._.#
###...# #...# ##.#
##### #


You could see an orc wizard (invisible).

Vanquished Creatures
  2 adders (D:2)
  An ooze (D:1)
  A dart slug (D:1)
  2 orcs (D:2)
  A ball python (D:1)
  2 giant cockroaches (D:1)
  5 goblins
  5 hobgoblins
  2 kobolds (D:1)
  6 bats
  4 frilled lizards (D:1)
  8 rats
39 creatures vanquished.

Notes
Turn   | Place    | Note
-------+----------+-------------------------------------------
     0 | D:1      | inc the Felid Enchanter began the quest for the Orb.
     0 | D:1      | Reached XP level 1. HP: 7/7 MP: 4/4
   267 | D:1      | Reached XP level 2. HP: 11/11 MP: 6/6
   358 | D:1      | Learned a level 2 spell: Ensorcelled Hibernation
   881 | D:1      | Reached skill level 5 in Hexes
   885 | D:1      | Reached XP level 3. HP: 11/14 MP: 0/7
   962 | D:1      | Reached skill level 1 in Ice Magic
  1565 | D:2      | Found a glowing golden altar of the Shining One.
  1608 | D:2      | Slain by an orc wizard

Illustrated notes

Levels and vault maps discovered:
D:1:      dpeg_arrival_prison, layout_rooms, grunt_decor_junction,
          minmay_pentomino_s4
D:2:      layout_loops_ring, general_overflow_altar,
          nicolae_tso_carved_into_rock

Skill      XL: |  1  2  3 |
---------------+----------+-----
Unarmed Combat | 2 |  2.0
Hexes          | 5 |  5.6
Ice Magic      | 1 |  1.7
Dodging        | |  2.6
Stealth        | |  4.0
Spellcasting   | |  2.0

Action                   || total
-------------------------++-------
Melee: Unarmed           ||   100
       Bite              ||     7
 Cast: Ensorcelled Hiber ||    13
 Stab: Sleeping          ||    22
Dodge: Dodged            ||    93

Table legend: (Time is in decaauts)
 A = Elapsed time spent in this place.
 B = Non-inter-level travel time spent in this place.
 C = Inter-level travel time spent in this place.
 D = Time resting spent in this place.
 E = Time spent auto-exploring this place.
 F = Levels seen in this place.
 G = Mean time per level.
                   A        B        C        D        E       F      G
               +--------+--------+--------+--------+--------+-----+--------+
         Total |   1453 |   1443 |     10 |    162 |   1006 |   2 |  726.5 |
       Dungeon |   1453 |   1443 |     10 |    162 |   1006 |   2 |  726.5 |
               +--------+--------+--------+--------+--------+-----+--------+

Top non-repeatable levels by time:
     D:1: 1214 daAuts
     D:2: 239 daAuts
